 Dungeon Crawl Stone Soup version 0.31-a0-750-gfe7b580527 (webtiles) character file.

Game seed: 7629518132132095931

514 cforsyth the Trooper (level 7, -1/56 HPs)
             Began as a Djinni Delver on Sept 14, 2023.
             Slain by a centaur (3 damage)
             ... on level 5 of the Dungeon.
             The game lasted 00:05:25 (2041 turns).

cforsyth the Trooper (Djinni Delver)                Turns: 2041, Time: 00:05:26

Health: -1/56      AC:  4    Str: 11    XL:     7   Next: 44%
Gold:   75         EV: 12    Int: 13    God:
                   SH:  0    Dex: 15

rFire   + + .        a - +0 falchion
rCold   x . .        (no shield)
rNeg    . . .        b - +1 leather armour
rPois   ∞            (no helmet)
rElec   .            (no cloak)
rCorr   .            (no gloves)
SInv    .            (boots unavailable)
Will    +....        (no amulet)
Stlth   ++           l - ring of willpower
HPRegen 0.29/turn    (no ring)
MPRegen 0.00/turn

%: infuse magic (-2 HP)
@: flying
A: sickness immunity, fire resistance 2, cold vulnerability 1, float, innate
caster, HP casting, extra vitality 1
a: no special abilities


You were on level 5 of the Dungeon.
You visited 1 branch of the dungeon, and saw 3 of its levels.

You collected 75 gold pieces.

Inventory:

Hand Weapons
 a - a +0 falchion (weapon)
Armour
 b - a +1 leather armour (worn)
Jewellery
 l - a ring of willpower (left hand)
Wands
 g - a wand of digging (3)
 m - a wand of flame (23)
Scrolls
 c - a scroll of fog
 d - a scroll of revelation
 e - a scroll of torment {unknown}
Potions
 f - a potion of haste
 h - a potion of degeneration {unknown}
 i - a potion of enlightenment
 j - a potion of heal wounds
 k - a potion of might
 n - a potion of brilliance {unknown}


   Skills:
 + Level 6.0 Fighting
 - Level 1.7 Long Blades
 - Level 2.1 Dodging
 - Level 4.1 Stealth
 + Level 3.6 Spellcasting
 + Level 3.6 Conjurations
 + Level 3.6 Hexes
   Level 0.0 Charms
 + Level 3.6 Summonings
 + Level 3.6 Necromancy
 + Level 3.6 Translocations
 + Level 3.6 Transmutations
 + Level 3.6 Fire Magic
 + Level 3.6 Ice Magic
 + Level 3.6 Air Magic
 + Level 3.6 Earth Magic
 + Level 3.6 Poison Magic


You knew the following spells:

 Your Spells              Type           Power      Damage    Failure   Level
a - Shock                 Conj/Air       44%        1d5       6%          1
b - Searing Ray           Conj           22%        2d5       10%         2
c - Dazzling Flash        Conj/Hex       22%        N/A       19%         3
Your spell library was empty.

Dungeon Overview and Level Annotations

Branches:
Dungeon (5/15)
 Temple: D:4-7

Altars:
The Shining One

Shops:
D:4 *

Annotations:
D:4 Edmund
D:5 3 runed translucent doors, randomguy2701's ghost, amateur HOFi


Innate Abilities, Weirdness & Mutations

You are immune to sickness and miasma.
You are immune to poison.
Your flesh is very heat resistant. (rF++)
You are vulnerable to cold. (rC-)
You float through the air rather than walking.
You learn spells naturally, not from books.
Your magical power is your life essence.
You have superior vitality. (+4 MHP)


Message History

The centaur hits you. The centaur closely misses you.
You are too injured to fight recklessly!
You are too injured to fight recklessly!
You are too injured to fight recklessly!
You hit the centaur.
The centaur is heavily wounded.
The centaur hits you.
The centaur kicks you but does no damage.
The centaur barely misses you. The centaur kicks you.
You hit the centaur but do no damage.
The centaur is heavily wounded.
The centaur closely misses you.
The centaur kicks you but does no damage.
You hit the centaur.
The centaur is heavily wounded.
The centaur hits you.
* * * LOW HITPOINT WARNING * * *
The centaur kicks you but does no damage.
The centaur hits you but does no damage.
The centaur kicks you but does no damage.
You hit the centaur.
The centaur is severely wounded.
The centaur hits you.
* * * LOW HITPOINT WARNING * * *
The centaur kicks you.
* * * LOW HITPOINT WARNING * * *
The centaur hits you.
* * * LOW HITPOINT WARNING * * *
The centaur misses you.
You hit the centaur.
The centaur is severely wounded.
The centaur barely misses you.
The centaur kicks you but does no damage.
The centaur closely misses you. x2
You closely miss the centaur.
The centaur is severely wounded.
The centaur hits you.
* * * LOW HITPOINT WARNING * * *
The centaur kicks you.
You die...

##.#.# ..# #.# #.# #.##..
##.#.$.. .# #.# #.# ##.##.#
...####c. .# #.# ##...#.#
#### #... .# #.###......# #
#..J .# #..#........ #
###... #.####..........# .
......# ##..##...........#
# ##...##
#................#
#...#.####@#........#...###
#........c.................
#......###.#....#.#........
##...#.###..............###
...................#..)..#
#
######........######.....#
# ########## #######


You could see a centaur.

Vanquished Creatures
  A black bear (D:5)
  A phantom (D:4)
  A scorpion (D:5)
  A jelly (D:5)
  A hound (D:5)
  A sleepcap (D:5)
  4 orc priests
  Ijyb (D:5)
  3 adders
  An ufetubus (D:4)
  6 orcs
  5 endoplasms (D:4)
  A giant cockroach (D:3)
  A hobgoblin (D:5)
  2 jackals (D:4)
  2 quokkas (D:5)
  A ball python (D:4)
33 creatures vanquished.

Vanquished Creatures (collateral kills)
  An adder (D:4)
  A worm (D:4)
  2 jackals (D:4)
4 creatures vanquished.

Grand Total: 37 creatures vanquished

Notes
Turn   | Place    | Note
-------+----------+-------------------------------------------
     0 | D:5      | cforsyth the Djinni Delver began the quest for the Orb.
     0 | D:5      | Reached XP level 1. HP: 20/20 MP: 0/0
    12 | D:5      | Noticed a scorpion
    28 | D:5      | Killed a scorpion
    29 | D:5      | Reached skill level 1 in Spellcasting
    29 | D:5      | Reached skill level 1 in Conjurations
    29 | D:5      | Reached skill level 1 in Hexes
    29 | D:5      | Reached skill level 1 in Summonings
    29 | D:5      | Reached skill level 1 in Necromancy
    29 | D:5      | Reached skill level 1 in Translocations
    29 | D:5      | Reached skill level 1 in Transmutations
    29 | D:5      | Reached skill level 1 in Fire Magic
    29 | D:5      | Reached skill level 1 in Ice Magic
    29 | D:5      | Reached skill level 1 in Air Magic
    29 | D:5      | Reached skill level 1 in Earth Magic
    29 | D:5      | Reached skill level 1 in Poison Magic
    29 | D:5      | Reached XP level 2. HP: 17/26 MP: 0/0
    29 | D:5      | Reached XP level 3. HP: 20/31 MP: 0/0
    29 | D:5      | Learned a level 1 spell: Shock
    29 | D:5      | Reached XP level 4. HP: 24/37 MP: 0/0
   295 | D:5      | Reached skill level 4 in Fighting
   375 | D:5      | Found a runed translucent gate.
   375 | D:5      | Found a runed translucent gate.
   376 | D:5      | Found a runed translucent gate.
   377 | D:5      | Noticed randomguy2701's ghost (amateur HOFi)
   446 | D:5      | Reached XP level 5. HP: 39/41 MP: 0/0
   446 | D:5      | Learned a level 2 spell: Searing Ray
   821 | D:4      | Found Cotugua's Lightly-Used Armoury.
   984 | D:4      | Noticed a phantom
  1004 | D:4      | Killed a phantom
  1005 | D:4      | Reached skill level 5 in Fighting
  1005 | D:4      | Reached XP level 6. HP: 25/49 MP: 0/0
  1283 | D:4      | Noticed Edmund
  1398 | D:4      | Found a glowing golden altar of the Shining One.
  1558 | D:5      | Reached XP level 7. HP: 20/54 MP: 0/0
  1558 | D:5      | Learned a level 3 spell: Dazzling Flash
  1909 | D:5      | Noticed Ijyb
  1928 | D:5      | Killed Ijyb
  1933 | D:5      | Reached skill level 6 in Fighting
  2041 | D:5      | HP: 2/56 [centaur (6)]
  2041 | D:5      | Slain by a centaur

Illustrated notes

Levels and vault maps discovered:
D:3:      layout_basic, chequers_avenue, minmay_crystal_room,
          chequers_serial_rivers_micro_e, grunt_decor_junction,
          grunt_ministairs_10, grunt_decor_cap, hangedman_decor_slide_cut,
          uniq_jessica, uniq_crazy_yiuf_cottage, uniq_sigmund, uniq_grinder
D:4:      layout_cave_pools, tso_oasis_becter, minmay_shop_damaged, uniq_edmund
D:5:      layout_loops_ring, gammafunk_temple_overflow_wave, vehumet_crystals,
          gammafunk_ghost_necromancy, uniq_ijyb

Skill      XL: |  1  2  3  4  5  6  7 |
---------------+----------------------+-----
Spellcasting   | 1 2 3 |  3.6
Conjurations   | 1 2 3 |  3.6
Hexes          | 1 2 3 |  3.6
Summonings     | 1 2 3 |  3.6
Necromancy     | 1 2 3 |  3.6
Translocations | 1 2 3 |  3.6
Transmutations | 1 2 3 |  3.6
Fire Magic     | 1 2 3 |  3.6
Ice Magic      | 1 2 3 |  3.6
Air Magic      | 1 2 3 |  3.6
Earth Magic    | 1 2 3 |  3.6
Poison Magic   | 1 2 3 |  3.6
Fighting       | 4 5 6 |  6.0
Long Blades    | |  1.7
Dodging        | |  2.1
Stealth        | |  4.1

Action                     |  1- 3 |  4- 6 |  7- 9 || total
---------------------------+-------+-------+-------++-------
  Melee: Falchion          |    10 |   124 |     7 ||   141
         Punch             |       |     1 |       ||     1
   Cast: Shock             |       |    14 |    26 ||    40
    Use: Scroll            |       |     6 |       ||     6
         Potion            |       |     2 |       ||     2
   Stab: Sleeping          |     1 |     4 |       ||     5
 Armour: Leather armour    |     5 |    96 |    34 ||   135
  Dodge: Dodged            |     8 |   112 |    28 ||   148

Table legend: (Time is in decaauts)
 A = Elapsed time spent in this place.
 B = Non-inter-level travel time spent in this place.
 C = Inter-level travel time spent in this place.
 D = Time resting spent in this place.
 E = Time spent auto-exploring this place.
 F = Levels seen in this place.
 G = Mean time per level.
                   A        B        C        D        E       F      G
               +--------+--------+--------+--------+--------+-----+--------+
         Total |   2074 |   2074 |      0 |    443 |    907 |   3 |  691.3 |
       Dungeon |   2074 |   2074 |      0 |    443 |    907 |   3 |  691.3 |
               +--------+--------+--------+--------+--------+-----+--------+

Top non-repeatable levels by time:
     D:5: 1300 daAuts
     D:4: 749 daAuts
     D:3: 25 daAuts
